 Dungeon Crawl Stone Soup version 0.31-a0-188-g5e087ee2ca (webtiles) character file.

Game seed: 11925964690097083485

285965 Anon1729 the Impregnable (level 20, -4/132 HPs)
             Began as a Minotaur Monk on June 23, 2023.
             Was a Follower of Uskayaw.
             Killed by divine providence
             ... invoked by a meliai
              (13 damage)
             ... on level 3 of the Abyss.
             The game lasted 00:54:59 (47290 turns).

Anon1729 the Impregnable (Minotaur Monk)           Turns: 47290, Time: 00:55:00

Health: -4/132     AC: 23    Str: 15      XL:     20   Next: 18%
Magic:  24/24      EV: 22    Int: 10 (11) God:    Uskayaw [*.....]
Gold:   978        SH:  5    Dex: 23      Spells: 19/19 levels left

rFire   x . .        c - +6 dagger (venom)
rCold   . . .        d - orb {light}
rNeg    + . .        W - +6 scale mail of Onaqaroa {Dex+5}
rPois   +            T - +1 hat
rElec   +            U - +0 cloak of Day {rPois Will- Int+6 SInv}
rCorr   .            G - +0 pair of gloves
SInv    +            j - +2 pair of boots
Will    .....        J - amulet of reflection
Stlth   +            r - ring of Entrepreneurial Spirit {Contam rElec rN+ Dex+3 SInv}
HPRegen 0.42/turn    V - ring of protection from fire
MPRegen 0.19/turn

%: random rage (9%), reflection
@: brilliant, about to teleport, hasted, glowing, unable to drink, very quick
A: horns 2, retaliatory headbutt, [berserk 2], [clumsy 2], [deformed body],
deterioration 1[+1], [dopey 1], [frail 3], [low MP 2], [screaming 2],
([teleportitis 1]), [weak 2], [heat vulnerability 2], [subdued magic 2],
[inability to drink after injury 2]
}: 1/15 runes: serpentine
a: Renounce Religion, Stomp


You were on level 3 of the Abyss.
You worshipped Uskayaw.
Uskayaw was pleased with you.
You visited 7 branches of the dungeon, and saw 31 of its levels.
You visited the Abyss 2 times.
You also visited: Gauntlet.

You collected 3521 gold pieces.
You spent 2543 gold pieces at shops.

Inventory:

Hand Weapons
 c - a +6 dagger of venom (weapon)
Missiles
 e - 3 throwing nets
 F - a curare-tipped dart
Armour
 d - an orb of light (worn)
 j - a +2 pair of boots (worn)
 y - the +6 chain mail of the Mind {Int+2 Dex+2}
   (You bought it in a shop on level 3 of the Dungeon)

   Int:       It affects your intelligence (+2).
   Dex:       It affects your dexterity (+2).
 G - a +0 pair of gloves (worn)
 T - a +1 hat (worn)
 U - the +0 cloak of Day (worn) {rPois Will- Int+6 SInv}
   (You found it in a Gauntlet)

   Int:       It affects your intelligence (+6).
   rPois:     It protects you from poison.
   SInv:      It lets you see invisible.
   Will:      It decreases your willpower.
 W - the +6 scale mail of Onaqaroa (worn) {Dex+5}
   (You found it in a Gauntlet)

   Dex:       It affects your dexterity (+5).
Jewellery
 b - an amulet of faith
 f - a ring of see invisible
 r - the ring of Entrepreneurial Spirit (left hand) {Contam rElec rN+ Dex+3 SInv}
   (You acquired it on level 2 of the Orcish Mines)

   [ring of see invisible]

   Dex:       It affects your dexterity (+3).
   rElec:     It insulates you from electricity.
   rN:        It protects you from negative energy.
   SInv:      It lets you see invisible.
   Contam:    It causes magical contamination when unequipped.
 s - a ring of willpower
 J - an amulet of reflection (around neck)
 N - a ring of poison resistance
 V - a ring of protection from fire (right hand)
Wands
 v - a wand of flame (39)
 w - a wand of paralysis (11)
 C - a wand of mindburst (9)
 D - a wand of quicksilver (15)
 M - a wand of polymorph (30)
 O - a wand of roots (19)
Scrolls
 a - 5 scrolls of vulnerability
 g - 7 scrolls of teleportation
 i - 7 scrolls of silence
 o - 8 scrolls of identify
 u - 5 scrolls of immolation
 x - 4 scrolls of amnesia
 z - 6 scrolls of poison
 E - 4 scrolls of enchant armour
 K - 3 scrolls of enchant weapon
 L - 2 scrolls of brand weapon
 Q - 2 scrolls of revelation
 Z - 4 scrolls of fog
Potions
 h - 7 potions of brilliance
 k - a potion of haste
 l - 2 potions of invisibility
 m - 8 potions of enlightenment
 n - a potion of curing
 p - 6 potions of berserk rage
 t - 6 potions of mutation
 A - 6 potions of might
 B - 2 potions of resistance
 I - 2 potions of cancellation
 R - 5 potions of lignification
Miscellaneous
 q - a tin of tremorstones (2/2)
 P - a phantom mirror
 S - a lightning rod (4/4)
 X - a phial of floods


   Skills:
 + Level 18.4 Fighting
 + Level 16.9 Short Blades
 + Level 21.8 Armour
 + Level 16.8 Dodging
 + Level 4.8 Stealth
 + Level 6.3 Shields
 + Level 15.8 Invocations
 + Level 9.9 Evocations


You had 19 spell levels left.
You didn't know any spells.
Your spell library contained the following spells:

 Spells                   Type           Power      Damage    Failure   Level
 Apportation              Tloc           0%         N/A       52%         1
 Freeze                   Ice            0%         1d3       52%         1
 Magic Dart               Conj           0%         1d3       52%         1
 Necrotise                Necr           0%         1d4       52%         1
 Summon Small Mammal      Summ           0%         N/A       52%         1
 Call Imp                 Summ           0%         N/A       67%         2
 Cigotuvi's Dreadful Rot  Necr/Pois/Air  0%         N/A       67%         2
 Dazzling Flash           Conj/Hex       0%         N/A       89%         3
 Frozen Ramparts          Ice            0%         1d1       89%         3
 Gell's Gravitas          Tloc           0%         N/A       89%         3
 Hailstorm                Conj/Ice       0%         3d3       89%         3
 Inner Flame              Hex/Fire       0%         N/A       89%         3
 Mephitic Cloud           Conj/Pois/Air  0%         N/A       89%         3
 Stone Arrow              Conj/Erth      0%         3d7       89%         3
 Teleport Other           Tloc           0%         N/A       89%         3
 Vampiric Draining        Necr           0%         2d6       89%         3
 Animate Armour           Summ/Erth      0%         N/A       100%        4
 Dispel Undead            Necr           0%         3d6       100%        4
 Flame Wave               Conj/Fire      0%         2d4       100%        4
 Ice Form                 Ice/Tmut       0%         N/A       100%        4
 Passage of Golubria      Tloc           0%         N/A       100%        4
 Sticky Flame             Conj/Fire      0%         2d3       100%        4
 Agony                    Necr           0%         N/A       100%        5
 Iskenderun's Battlesphe  Conj           0%         2d6       100%        5
 Silence                  Hex/Air        0%         N/A       100%        5
 Death Channel            Necr           0%         N/A       100%        6
 Dispersal                Tloc           0%         N/A       100%        6
 Leda's Unmaking          Conj/Erth      0%         9d1       100%        6
 Simulacrum               Ice/Necr       0%         N/A       100%        6
 Malign Gateway           Summ/Tloc      0%         N/A       100%        7
 Spellforged Servitor     Conj/Summ      0%         N/A       100%        7
 Lehudib's Crystal Spear  Conj/Erth      0%         10d2      100%        8
 Summon Horrible Things   Summ           0%         N/A       100%        8


Dungeon Overview and Level Annotations

Branches:
Dungeon (15/15)            Temple (1/1) D:5            Lair (5/5) D:10
 Shoals (0/4) Lair:2        Snake (4/4) Lair:3        Slime (0/5) Lair:4
    Orc (2/2) D:12            Elf (1/3) Orc:2        Vaults (3/5) D:14
  Crypt (0/3) Vaults:2     Depths (0/4) D:15        Gauntlet (visited)

Altars:
Cheibriados
Dithmenos
Elyvilon
Fedhas
Gozag
Hepliaklqana
Kikubaaqudgha
Makhleb
Nemelex Xobeh
Qazlal
Ru
Trog
Uskayaw
Vehumet
Wu Jian
Xom
Yredelemnul
Zin
The Shining One

Shops:
D:3 [   D:4 !:(   D:8 *   D:9 (   Orc:2 ([=*(   Snake:1 :   Snake:2 ((
Snake:4 *(*:*

Annotations:
D:13 1 exclusion
Snake:1 Ufav Mom's ghost, adept HOMo
Vaults:2 2 transporters, Wuemn's ghost, adept MiFi


Innate Abilities, Weirdness & Mutations

You have a pair of horns on your head.
You reflexively headbutt those who attack you in melee.
[You have an uncontrollable temper.]
[You are very clumsy. (Dex -4)]
[Armour fits poorly on your strangely shaped body.]
[Your body often deteriorates upon taking damage.]
[You are dopey. (Int -2)]
[You are extremely frail. (-30% HP)]
[Your magical capacity is very low. (-20% MP)]
[You frequently scream uncontrollably at your foes.]
[((You are occasionally teleported next to monsters.))]
[You are very weak. (Str -4)]
[You are very vulnerable to heat. (rF--)]
[Your spells are easier to cast, but less powerful.]
[You sometimes lose the ability to drink potions when taking damage.]


Message History

You cannot drink potions in your current state!
Okay, then.
A meliai comes into view. It is wielding a +0 war axe.
Found a runelight.
You recover from your berserk rage.
The meliai mumbles some strange prayers to its god against you.
Something smites you!
* * * LOW HITPOINT WARNING * * *
Your body deteriorates!
You feel dopey.
You hear a horrible gurgling sound!
You scream at the large abomination!
A large abomination comes into view.
You hear a horrible gurgling sound!
You hear a shout!
You hear an angry buzzing noise.
You cannot drink potions in your current state!
Unknown command.
Unknown command.
Okay, then.
As you read the scroll of teleportation, it crumbles to dust.
You feel strangely unstable.
You feel the power of the Abyss delaying your translocation!
The meliai invokes the aid of its god against you.
Something smites you!
* * * LOW HITPOINT WARNING * * *
A spatial vortex comes into view.
A spatial vortex comes into view. x2
The meliai hits you but does no damage.
The meliai stings you but does no damage.
A spatial vortex comes into view.
A spatial maelstrom and a spatial vortex come into view.
You cannot drink potions in your current state!
You hit the meliai. You headbutt the meliai.
The meliai is moderately wounded.
You block the meliai's attack. The meliai barely misses you.
You puncture the meliai!
The meliai looks as sick as possible!
You headbutt the meliai.
The meliai is severely wounded.
The meliai calls down the wrath of its god upon you.
Something smites you!
You die...

...# # #v.. #.
..v #. #.. ..#..
##..v . ..
#....##### ##. .
# ##y#..##..###.#
# #@#.
..##y.#..⌠#⌠.
#####*.#......
... #....###...#
.. .
##..#*.y...#..#..
#..###...#..#.. #
# # .#*#.#....
.X# #.## G.# . .
#.... #.### ..#
.... #.#.#.##.#


You could see a meliai (extremely poisoned).

Vanquished Creatures
  Vashnia (Snake:2)
  A lich (Abyss:3)
  A sphinx (Vaults:1)
  3 tentacled starspawn (Abyss:3)
  An Executioner (Abyss:3)
  Donald (Snake:2)
  7 nagarajas
  5 vault wardens
  An orc warlord (Orc:2)
  5 ironbound preservers
  3 war gargoyles (Vaults:2)
  A formless jellyfish (Vaults:3)
  7 very ugly things (Abyss:3)
  6 ironbound thunderhulks
  7 dire elephants
  The ghost of Magasuts the Blocker, a journeyman GnFi of Gozag (Lair:4)
  Nessos (Lair:5)
  Snorg (Orc:2)
  A crystal guardian (Vaults:2)
  An entropy weaver (Vaults:1)
  Josephine (D:10)
  2 vault guards (Vaults:1)
  3 yaktaur captains (Vaults:1)
  A deep elf high priest (Elf:1)
  A great orb of eyes (Vaults:1)
  2 salamander tyrants
  17 hydras
  2 peacekeepers (Vaults:2)
  6 ironbound frosthearts
  An ogre mage (D:13)
  2 catoblepae
  6 centaur warriors
  23 anacondas
  A death knight (D:13)
  7 dancing weapons
  19 naga warriors
  9 boulder beetles
  4 two-headed ogres
  5 death yaks (Lair:2)
  2 starcursed masses (Abyss:3)
  19 naga sharpshooters
  2 death scarabs (Gauntlet)
  A tengu warrior (D:14)
  2 orc high priests
  7 shock serpents
  A thrashing horror (Abyss:3)
  5 deep elf knights (Elf:1)
  4 wretched stars (Abyss:3)
  A shadow wraith (Abyss:3)
  5 skeletal warriors (D:14)
  A sixfirhy (Abyss:3)
  9 large abominations
  3 sea snakes (Snake:2)
  6 salamander mystics
  A shadow demon (Abyss:3)
  13 deep trolls
  5 deep elf archers (Elf:1)
  4 lindwurms
  3 wizards
  2 necromancers
  An ironbound convoker (Vaults:1)
  5 naga ritualists
  5 harpies
  13 mana vipers
  5 orc knights
  A stone giant zombie (Abyss:3)
  8 cyclopes
  19 deep elf pyromancers
  5 orc sorcerers
  A manticore (D:15)
  2 wolf spiders
  17 deep elf zephyrmancers
  A worldbinder (Abyss:3)
  18 ugly things
  24 elephants
  16 salamanders
  Maurice (D:8)
  An apocalypse crab (Abyss:3)
  5 vault sentinels
  40 black mambas
  A torpor snail (Lair:2)
  A cane toad (shapeshifter) (D:13)
  A smoke demon (Abyss:3)
  4 gargoyles
  22 naga magi
  12 guardian serpents
  19 cane toads
  6 unseen horrors
  Maggie (D:6)
  5 rime drakes
  Psyche (D:10)
  A freezing wraith (D:15)
  An efreet (D:15)
  3 tengu conjurers
  An ice devil (Gauntlet)
  4 yaktaurs
  5 komodo dragons
  A polar bear (Lair:3)
  2 ancient zymes (Abyss:3)
  5 trolls
  A yaktaur skeleton (Vaults:2)
  A polar bear (shapeshifter) (D:14)
  A harpy zombie (Abyss:3)
  2 hellwings (Abyss:3)
  Grinder (D:3)
  A spectral dream sheep (Gauntlet)
  2 hornets (Lair:5)
  7 blink frogs
  A tarantella (Vaults:1)
  9 dream sheep
  12 raiju (Abyss:3)
  10 slime creatures
  A jumping spider (shapeshifter) (Elf:1)
  Sigmund (D:3)
  A vampire (D:10)
  5 shadows
  A flying skull (Abyss:3)
  2 spectral komodo dragons (Gauntlet)
  43 yaks
  17 wyverns
  8 basilisks
  A fire elemental (Elf:1)
  Eustachio (D:6)
  7 wraiths
  3 redbacks
  A chaos spawn (Abyss:3)
  2 neqoxecs (Abyss:3)
  2 steam dragons
  2 death yak simulacra (Lair:4)
  3 vampire mosquitoes (D:13)
  A spectral cane toad (Gauntlet)
  Edmund (D:4)
  53 nagas
  A harpy simulacrum (D:14)
  3 wargs
  Duvessa (D:6)
  23 water moccasins
  A hydra simulacrum (Lair:4)
  2 acid dragons (D:13)
  26 orc warriors
  3 ice beasts
  2 sky beasts (D:8)
  4 black bears
  A black mamba simulacrum (Lair:4)
  4 ogres
  5 boggarts (D:15)
  15 wolves
  17 centaurs
  The ghost of bmj180 the Chiller, an amateur MfIE (D:3)
  A phantom (D:4)
  11 small abominations
  An elf simulacrum (Vaults:2)
  3 kobold brigands
  15 bullfrogs
  4 earth elementals
  A human skeleton (Vaults:2)
  7 scorpions
  4 wights (D:8)
  Dowan (D:6)
  A blink frog simulacrum (Lair:4)
  2 dream sheep simulacra (Lair:4)
  5 killer bees
  4 howler monkeys
  6 electric eels
  A jelly (D:7)
  18 orc priests
  A quasit (Abyss:3)
  5 gnoll boudas
  3 hounds
  An iguana (D:5)
  A sleepcap (D:6)
  24 orc wizards
  Terence (D:3)
  24 gnolls
  2 adders
  3 shadow imps
  6 white imps
  3 ufetubi
  A worm (D:3)
  2 dart slugs
  92 orcs
  10 ball pythons
  5 endoplasms
  2 giant cockroaches
  10 goblins
  5 hobgoblins
  6 jackals
  20 kobolds
  A quokka (D:1)
  4 bats
  3 frilled lizards
  4 rats
1184 creatures vanquished.

Vanquished Creatures (collateral kills)
  A minotaur (Gauntlet)
1 creature vanquished.

Vanquished Creatures (others)
  A deep elf pyromancer (Elf:1)
  2 nagas (Snake:3)
  An orc priest (D:10)
  5 starspawn tentacles (Abyss:3)
9 creatures vanquished.

Grand Total: 1194 creatures vanquished

Notes
Turn   | Place    | Note
-------+----------+-------------------------------------------
     0 | D:1      | Anon1729 the Minotaur Monk began the quest for the Orb.
     0 | D:1      | Reached XP level 1. HP: 19/19 MP: 0/0
    99 | D:1      | Reached XP level 2. HP: 25/27 MP: 1/1
   261 | D:1      | Reached skill level 1 in Armour
   283 | D:1      | Found a faded altar of an unknown god.
   450 | D:1      | Reached skill level 1 in Invocations
   792 | D:2      | Reached XP level 3. HP: 33/33 MP: 2/2
  1239 | D:2      | Reached XP level 4. HP: 37/40 MP: 2/4
  1697 | D:3      | Reached skill level 2 in Armour
  1701 | D:3      | Noticed Terence
  1712 | D:3      | Killed Terence
  1816 | D:3      | Noticed Sigmund
  1818 | D:3      | Found a runed translucent door.
  1819 | D:3      | Noticed bmj180's ghost (amateur MfIE)
  1829 | D:3      | Noticed Grinder
  1831 | D:3      | Killed Sigmund
  1832 | D:3      | Reached XP level 5. HP: 42/47 MP: 5/5
  1832 | D:3      | Reached XP level 6. HP: 49/55 MP: 6/6
  1836 | D:3      | Paralysed by Grinder for 4 turns
  1849 | D:3      | Killed Grinder
  1850 | D:3      | Reached skill level 5 in Fighting
  1850 | D:3      | Reached skill level 3 in Armour
  1951 | D:3      | Found Dofeural's Antique Armour Boutique.
  2252 | D:4      | Found Oher Bou's Distillery.
  2252 | D:4      | Found Zocecw's Book Emporium.
  2252 | D:4      | Found Zohant's Weapon Emporium.
  2254 | D:4      | Bought a potion of degeneration for 10 gold pieces
  2356 | D:4      | Reached skill level 5 in Short Blades
  2356 | D:4      | Reached XP level 7. HP: 60/61 MP: 8/8
  2387 | D:4      | Reached skill level 5 in Dodging
  2493 | D:4      | Reached skill level 4 in Armour
  2902 | D:4      | Noticed Edmund
  2927 | D:4      | Killed Edmund
  3300 | D:5      | Entered Level 5 of the Dungeon
  3307 | D:5      | Reached XP level 8. HP: 64/70 MP: 9/9
  3490 | D:5      | Reached skill level 5 in Armour
  3708 | D:5      | Found a staircase to the Ecumenical Temple.
  4582 | D:5      | Reached skill level 6 in Armour
  4905 | Temple   | Entered the Ecumenical Temple
  5207 | Temple   | Became a worshipper of Uskayaw the Reveller
  5207 | Temple   | Reached * piety under Uskayaw
  5356 | D:3      | Bought a polished chain mail for 218 gold pieces
  5356 | D:3      | Identified the +6 chain mail of the Mind {Int+2 Dex+2} (You
                  | bought it in a shop on level 3 of the Dungeon)
  5387 | D:3      | Reached ** piety under Uskayaw
  5390 | D:3      | Killed bmj180's ghost
  5437 | D:4      | Bought a potion of berserk rage for 50 gold pieces
  5437 | D:4      | Bought a potion of curing for 30 gold pieces
  5493 | D:6      | Noticed Eustachio
  5508 | D:6      | Reached *** piety under Uskayaw
  5509 | D:6      | Reached **** piety under Uskayaw
  5515 | D:6      | Reached ***** piety under Uskayaw
  5516 | D:6      | Reached skill level 5 in Invocations
  5532 | D:6      | Killed Eustachio
  5533 | D:6      | Reached skill level 7 in Armour
  5533 | D:6      | Reached XP level 9. HP: 70/79 MP: 11/11
  5538 | D:6      | Reached ****** piety under Uskayaw
  5551 | D:6      | Noticed Duvessa
  5554 | D:6      | Noticed Dowan
  5560 | D:6      | Killed Duvessa
  5575 | D:6      | Killed Dowan
  6161 | D:6      | Identified the +3 long sword of Kyolem {vamp, Str+3}
  6168 | D:6      | Noticed Maggie
  6183 | D:6      | Killed Maggie
  6184 | D:6      | Reached skill level 8 in Armour
  6755 | D:7      | Reached skill level 9 in Armour
  7499 | D:8      | Reached XP level 10. HP: 73/90 MP: 13/13
  7563 | D:8      | Found Sicani Weps's General Store.
  7767 | D:8      | Noticed Maurice
  7780 | D:8      | Killed Maurice
  7781 | D:8      | Reached skill level 10 in Armour
  8290 | D:8      | Found a runed translucent door.
  8291 | D:8      | Noticed a cyan ugly thing
  8291 | D:8      | Noticed a boulder beetle
  8292 | D:8      | Noticed a centaur warrior
  9097 | D:9      | Found Kyjesem's Weapon Shop.
  9536 | D:10     | Entered Level 10 of the Dungeon
  9556 | D:10     | Noticed Psyche
  9565 | D:10     | Killed Psyche
  9566 | D:10     | Reached skill level 11 in Armour
  9618 | D:10     | Found a shadowy altar of Dithmenos.
 10060 | D:10     | Noticed Josephine
 10068 | D:10     | Killed Josephine
 10069 | D:10     | Reached skill level 10 in Fighting
 10069 | D:10     | Reached XP level 11. HP: 60/99 MP: 15/15
 10090 | D:10     | Reached skill level 12 in Armour
 10159 | D:10     | Noticed a two-headed ogre
 10168 | D:10     | Killed a two-headed ogre
 10500 | D:10     | Found a staircase to the Lair.
 11003 | D:11     | Noticed a deep elf pyromancer
 11008 | D:11     | Killed a deep elf pyromancer
 11331 | D:12     | Found a staircase to the Orcish Mines.
 11415 | D:12     | Noticed a two-headed ogre
 11418 | D:12     | Noticed a two-headed ogre
 11428 | D:12     | Killed a two-headed ogre
 11434 | D:12     | Killed a two-headed ogre
 11435 | D:12     | Reached skill level 13 in Armour
 11638 | D:12     | Noticed a centaur warrior
 11638 | D:12     | Noticed a centaur warrior
 11638 | D:12     | Noticed a boulder beetle
 11656 | D:12     | Killed a boulder beetle
 11657 | D:12     | Reached skill level 10 in Short Blades
 11658 | D:12     | Killed a centaur warrior
 11659 | D:12     | Reached skill level 10 in Dodging
 11669 | D:12     | Killed a centaur warrior
 11733 | D:12     | Noticed a boulder beetle
 11753 | D:12     | Killed a boulder beetle
 11798 | D:12     | Reached XP level 12. HP: 68/110 MP: 17/17
 11912 | D:12     | Noticed a seven-headed hydra
 11913 | D:12     | Noticed a boulder beetle
 11921 | D:12     | Killed a seven-headed hydra
 11926 | D:12     | Killed a boulder beetle
 11927 | D:12     | Reached skill level 14 in Armour
 12744 | D:12     | Noticed a two-headed ogre
 12752 | D:12     | Killed a two-headed ogre
 13114 | D:8      | Killed a centaur warrior
 13347 | D:8      | Killed a boulder beetle
 13431 | Lair:1   | Entered Level 1 of the Lair of Beasts
 13572 | Lair:1   | Reached skill level 15 in Armour
 13749 | Lair:1   | Noticed a boulder beetle
 13777 | Lair:1   | Killed a boulder beetle
 14575 | Lair:2   | Reached XP level 13. HP: 116/119 MP: 19/19
 14577 | Lair:2   | Reached skill level 10 in Invocations
 14630 | Lair:2   | Reached skill level 16 in Armour
 14895 | Lair:2   | Found a staircase to the Shoals.
 16171 | Lair:2   | Reached skill level 17 in Armour
 17264 | Lair:3   | Reached XP level 14. HP: 129/129 MP: 21/21
 17757 | Lair:3   | Found a staircase to the Snake Pit.
 18056 | Lair:4   | Noticed Magasuts's ghost (journeyman GnFi)
 18257 | Lair:4   | Found a staircase to the Slime Pits.
 18327 | Lair:4   | Found a runed translucent gate.
 18335 | Lair:4   | Found a gate leading to a gauntlet.
 18346 | Lair:4   | Found a runed translucent gate.
 18347 | Lair:4   | Found a runed translucent gate.
 18356 | Gauntlet | Entered a Gauntlet
 18356 | Gauntlet | Found a transporter.
 18457 | Gauntlet | Found a transporter.
 18460 | Gauntlet | Found a transporter.
 18461 | Gauntlet | Found a transporter.
 18468 | Gauntlet | Found a runed translucent door.
 18471 | Gauntlet | Found a transporter.
 18472 | Gauntlet | Found a transporter.
 18473 | Gauntlet | Found a transporter.
 18484 | Gauntlet | Found a transporter.
 18485 | Gauntlet | Found a transporter.
 18485 | Gauntlet | Found a transporter.
 18491 | Gauntlet | Found a runed translucent gate.
 18493 | Gauntlet | Found a runed translucent gate.
 18493 | Gauntlet | Found a transporter.
 18495 | Gauntlet | Found a runed translucent gate.
 18496 | Gauntlet | Found a transporter.
 18497 | Gauntlet | Found a transporter.
 18505 | Gauntlet | Found a transporter.
 18748 | Gauntlet | Reached skill level 1 in Evocations
 18765 | Gauntlet | Identified the +4 short sword "Kozeot" {freeze, SInv}
 18799 | Gauntlet | Identified the +2 ring mail "Toarhim" {Str+3 Dex+3}
 19281 | Gauntlet | Identified the +0 cloak of Day {rPois Will- Int+6 SInv}
 19309 | Gauntlet | Identified the +6 scale mail of Onaqaroa {Dex+5}
 19321 | Gauntlet | Got the Directory of the Galvanic Retinue
 19956 | Lair:5   | Entered Level 5 of the Lair of Beasts
 20123 | Lair:5   | Reached skill level 18 in Armour
 20518 | Lair:5   | Noticed Nessos
 20539 | Lair:5   | Killed Nessos
 21776 | Lair:5   | Reached XP level 15. HP: 132/139 MP: 22/22
 22970 | Orc:1    | Entered Level 1 of the Orcish Mines
 23072 | Orc:2    | Entered Level 2 of the Orcish Mines
 23191 | Orc:2    | Found Weuvynt's Weapon Boutique.
 24098 | Orc:2    | Found a staircase to the Elven Halls.
 24106 | Orc:2    | Noticed Snorg
 24121 | Orc:2    | Killed Snorg
 24122 | Orc:2    | Reached skill level 19 in Armour
 24173 | Orc:2    | Found Tiud's Jewellery Shoppe.
 24385 | Orc:2    | Found Pukkioz's Antique Armour Shoppe.
 24414 | Orc:2    | Found Sijaygul's General Store.
 24421 | Orc:2    | Bought a scroll of acquirement for 780 gold pieces
 24421 | Orc:2    | Bought a scroll of fog for 60 gold pieces
 24421 | Orc:2    | Bought a potion of curing for 45 gold pieces
 24421 | Orc:2    | Bought a scroll of enchant armour for 112 gold pieces
 24421 | Orc:2    | Bought a scroll of revelation for 112 gold pieces
 24952 | Orc:2    | Found Dippoif's Antique Weapon Shoppe.
 25117 | Orc:1    | You fall into a shaft and drop 1 floor!
 25213 | Orc:1    | Found a radiant altar of Vehumet.
 25533 | Orc:2    | Bought an ichor-stained plate armour for 728 gold pieces
 25533 | Orc:2    | Identified the +0 plate armour "Adoc Jya" {rElec rN++ SInv}
                  | (You bought it in a shop on level 2 of the Orcish Mines)
 25538 | Orc:2    | Acquired the ring of Entrepreneurial Spirit {Contam rElec
                  | rN+ Dex+3 SInv}
 25575 | Elf:1    | Entered Level 1 of the Elven Halls
 25587 | Elf:1    | Reached skill level 15 in Fighting
 26010 | Elf:1    | Reached skill level 5 in Evocations
 27061 | Elf:1    | Reached XP level 16. HP: 111/149 MP: 24/24
 27362 | Elf:1    | Reached XP level 17. HP: 134/156 MP: 24/26
 27800 | Snake:1  | Entered Level 1 of the Snake Pit
 27999 | Snake:1  | Identified the +10 sling "Buet" {heavy, rC- Str-3 Int+2
                  | Dex+8}
 28700 | Snake:1  | Found Juasmuhi's Self-Improvement Boutique.
 29273 | Snake:1  | Found a runed translucent door.
 29273 | Snake:1  | Noticed Ufav Mom's ghost (adept HOMo)
 30089 | Snake:3  | Reached skill level 20 in Armour
 31895 | Snake:2  | Found Joniucuqe's Firing Range.
 31909 | Snake:2  | Reached skill level 15 in Short Blades
 32250 | Snake:2  | Noticed Donald
 32261 | Snake:2  | Killed Donald
 32262 | Snake:2  | Reached skill level 15 in Dodging
 32585 | Snake:2  | Paralysed by a salamander for 4 turns
 32772 | Snake:2  | Found Gakulleu's Antique Weapon Shop.
 32816 | Snake:2  | Noticed Vashnia
 32846 | Snake:2  | Reached XP level 18. HP: 27/168 MP: 14/27
 32848 | Snake:2  | Killed Vashnia
 33206 | Snake:4  | Entered Level 4 of the Snake Pit
 33500 | Snake:4  | Found Neivie's General Store.
 33510 | Snake:4  | Bought a scroll of fear for 76 gold pieces
 33648 | Snake:4  | Found Ikileup's Book Shoppe.
 34312 | Snake:4  | HP: 1/169 [naga sharpshooter/arrow (11)]
 35873 | Snake:4  | Reached skill level 21 in Armour
 36036 | Snake:4  | Got a serpentine rune of Zot
 36191 | Snake:4  | Found Pet Ymung's Assorted Antiques.
 36193 | Snake:4  | Found Yxoa's Weapon Emporium.
 36196 | Snake:4  | Bought a scroll labelled BIR HIANAORO for 28 gold pieces
 36196 | Snake:4  | Bought a heavily runed chain mail for 266 gold pieces
 36196 | Snake:4  | Identified the +7 chain mail of Amorality {-Tele Regen+
                  | rCorr Slay+2} (You bought it in a shop on level 4 of the
                  | Snake Pit)
 36297 | Snake:4  | Found Cazac's General Store.
 36305 | Snake:4  | Bought a scroll of identify for 28 gold pieces
 36363 | Snake:4  | Reached skill level 15 in Invocations
 36994 | Lair:4   | Killed Magasuts's ghost
 37586 | D:13     | Reached skill level 1 in Shields
 37768 | D:13     | Reached skill level 1 in Stealth
 37782 | D:13     | Paralysed by an ogre mage for 4 turns
 38492 | D:13     | Found the macabre finger necklace {Finger+ rN+}
 39790 | D:14     | Found a gate to the Vaults.
 39808 | D:14     | Reached XP level 19. HP: 134/177 MP: 29/29
 40402 | D:15     | Entered Level 15 of the Dungeon
 40403 | D:15     | Found a white marble altar of Elyvilon.
 40404 | D:15     | Found a glowing golden altar of the Shining One.
 40410 | D:15     | Found a glowing silver altar of Zin.
 40915 | D:15     | Found a staircase to the Depths.
 41299 | Vaults:1 | Entered Level 1 of the Vaults
 41528 | Vaults:1 | Paralysed by a sphinx for 3 turns
 41972 | Vaults:2 | Identified the +0 robe of the Desolation of Salt {Dex+2
                  | Slay+5}
 42683 | Abyss:2  | Cast into level 2 of the Abyss (a wizard)
 42684 | Abyss:2  | Found a corrupted altar of Lugonu.
 43158 | Vaults:1 | Escaped the Abyss
 43557 | Vaults:1 | Reached skill level 5 in Shields
 44327 | Vaults:1 | Identified the +3 scale mail "Segop" {rCorr Int+3}
 45645 | Vaults:2 | Found a transporter.
 45646 | Vaults:2 | Found a transporter.
 45648 | Vaults:2 | Found a bloodstained altar of Trog.
 45648 | Vaults:2 | Noticed Wuemn's ghost (adept MiFi)
 45778 | Vaults:2 | Found a staircase to the Crypt.
 45778 | Vaults:2 | Found an ancient bone altar of Kikubaaqudgha.
 45779 | Vaults:2 | Found a basalt altar of Yredelemnul.
 46512 | Vaults:3 | Reached XP level 20. HP: 130/181 MP: 30/30
 46686 | Abyss:3  | Cast into level 3 of the Abyss (a wizard)
 46951 | Abyss:3  | Found a corrupted altar of Lugonu.
 47006 | Abyss:3  | Gained mutation: [Your body sometimes deteriorates upon
                  | taking damage.] [a neqoxec]
 47246 | Abyss:3  | Found a corrupted altar of Lugonu.
 47260 | Abyss:3  | Noticed a bone dragon
 47290 | Abyss:3  | Killed from afar by a meliai

Illustrated notes

Levels and vault maps discovered:
D:1:      dpeg_arrival_short_road, layout_basic,
          ebering_ecumenical_altar_petrified, dreamdust_mushroom_princess
D:2:      layout_basic
D:3:      layout_rooms, hellmonk_ghost_happy_afterlife, serial_shops, shop,
          uniq_terence, uniq_grinder, uniq_sigmund
D:4:      layout_loops_ring, nicolae_shop_distant_corner_stores, st_stairs_5,
          uniq_edmund
D:5:      layout_loops_corners, minmay_temple_entry_nine_rooms,
          grunt_ministairs_11, roderic_cross_of_infinity,
          minmay_misc_feat_tower, minmay_manual_mares
D:6:      layout_basic, uniq_eustachio, uniq_maggie, uniq_duvessa
D:7:      layout_loops_corners, minmay_misc_feat_rows, st_stairs_13,
          kennysheep_doodads
D:8:      layout_gridville, serial_shops, shop, wad_hexagon, uniq_maurice
D:9:      layout_loops_ring, serial_shops, shop
D:10:     layout_long_grid, nicolae_dithmenos_the_darkroom,
          grunt_lair_entry_orc_guard_hut, kb_lookout_dungeons_type,
          minmay_misc_feat_diagonals, st_stairs_7, uniq_psyche, uniq_josephine
D:11:     layout_cave_pools
D:12:     layout_basic, hiddenorc2_lemuel, minmay_shattered_shrine
D:13:     hangedman_cross_stitches, layout_stronghold
D:14:     layout_cave_pods, erik_vaults_1
D:15:     hangedman_depths_entry_try_elsewhere_first, layout_long_grid,
          good_gods_temple_1, serial_glass, glass_columns_b, glass_columns_c
Temple:   mainiacjoe_temple_trianglar_array
Lair:1:   layout_cave_shapes
Lair:2:   nzn_winding_woodlands_large [nzn_winding_woodlands_5x5_checkerboard,
          nzn_winding_woodlands_5x15_default, nzn_winding_woodlands_5x5_default,
          nzn_winding_woodlands_center_pierced_h,
          nzn_winding_woodlands_15x15_boxy_spiral,
          nzn_winding_woodlands_center_triple_pond,
          nzn_winding_woodlands_5x5_cross,
          nzn_winding_woodlands_5x15_river_crossing,
          nzn_winding_woodlands_5x5_perimeter], layout_layer_cave,
          nicolae_shoals_entry_roost, pdpol_lair_neglected_garden
Lair:3:   layout_cave_pods, dummy_snake_entry, infiniplex_staircase_pool_2,
          lemuel_fruit_tree
Lair:4:   layout_cave_shapes, dpeg_slime_entry_enclosed, gauntlet_entry_generic,
          gammafunk_ghost_icy, chequers_serial_rivers_marsh
Lair:5:   hangedman_lair_tendril_chambers, layout_cellular_growth, uniq_nessos
Snake:1:  layout_layer_cave, gammafunk_ghost_grave, nicolae_snake_gridmaze_tees,
          nicolae_shop_self_help
Snake:2:  layout_rooms, serial_shops, nicolae_shop_just_a_little_nook,
          nicolae_snake_snake_lake, nicolae_shop_firing_range, uniq_vashnia,
          uniq_donald
Snake:3:  layout_cave_pods, st_stairs_4, nicolae_snake_magic_snake_eye
Snake:4:  grunt_snake_rune_serpentine_throne, layout_misc_corridors,
          serial_shops, shop, nicolae_shop_rolling_square,
          nicolae_book_shop_shelving, shop_fountains, nicolae_lakefront_shop,
          hangedman_snake_corridor_cut, grunt_megastairs_2
Orc:1:    layout_caves, basic_altar
Orc:2:    grunt_orc_cross, layout_diamond_mine, serial_shops,
          nicolae_shop_peninsula, elves_outpost_lemuel, uniq_snorg
Elf:1:    eino_elf_arrival_the_gate, layout_geoelf_octagon,
          hangedman_corner_corridor
Vaults:1: nicolae_vaults_three_branches, v_misc_30,
          nicolae_vaults_sightless_eye, v_misc_2, vaults_dpeg_diagonal,
          v_misc_11, vaults_room_grunt_arrival_ludios, vaults_room_ringed_pool,
          nicolae_vaults_theta, nicolae_vaults_house_1, layout_vaults_quadrants
Vaults:2: gammafunk_ghost_wrathful_warriors, nicolae_vaults_what_the_h,
          nicolae_vaults_cochlea, nicolae_vaults_sealed_display,
          minmay_crypt_entry_necro_gods, ontoclasm_vaults_tryst,
          nicolae_vaults_variable_pillar_hall, nicolae_vaults_little_squares_5,
          hangedman_vaults_stream, ontoclasm_vaults_shuriken,
          layout_vaults_big_room
Vaults:3: v_misc_28, nicolae_vaults_shrinking_rooms_2, nicolae_vaults_network_s,
          v_misc_15, vaults_room_mumra_shop_pool, v_misc_27, v_alt_pattern_5,
          grunt_vaults_funnel, nicolae_vaults_variable_pillar_hall,
          nicolae_vaults_offset_grid_hallway_4, nicolae_vaults_little_squares_5,
          nicolae_vaults_little_guard_posts, layout_vaults_ring, serial_shops,
          nicolae_shop_hallway_plus, uniq_aizul
Abyss:3:  base: Snake:2, base: Vaults:4, hangedman_decor_lopped,
          grunt_abyss_rune_wretched_hive

Skill      XL: |  1  2  3  4  5  6  7  8  9 10 11 12 13 14 15 16 17 18 19 20 |
---------------+-------------------------------------------------------------+-----
Armour         | 1 2 3 4 7 9 11 13 15 17 18 19 20 21 | 21.8
Invocations    | 1 2 3 5 6 7 8 9 10 11 12 13 14 15 | 15.8
Fighting       | 4 5 6 7 8 10 11 12 13 14 15 16 17 18 | 18.4
Short Blades   | 4 5 6 7 9 10 11 12 13 14 15 16 | 16.9
Dodging        | 4 5 6 7 9 10 11 12 13 14 15 16 | 16.8
Evocations     | 3 5 7 8 9 |  9.9
Shields        | 2 5 6 |  6.3
Stealth        | 2 4 |  4.8

Action                     |  1- 3 |  4- 6 |  7- 9 | 10-12 | 13-15 | 16-18 | 19-21 || total
---------------------------+-------+-------+-------+-------+-------+-------+-------++-------
  Melee: Short sword       |    84 |    75 |   267 |       |       |       |       ||   426
         Headbutt          |    22 |    22 |   146 |   225 |   553 |   555 |   424 ||  1947
         Dagger            |       |       |   111 |   702 |  1516 |  1467 |   996 ||  4792
 Invoke: Stomp             |       |       |     1 |     2 |    14 |    13 |    21 ||    51
         Line Pass         |       |       |       |     2 |     4 |     8 |     6 ||    20
         Grand Finale      |       |       |       |       |     4 |     2 |       ||     6
  Evoke: Wand              |       |       |       |     8 |     5 |    10 |     7 ||    30
         Phantom mirror    |       |       |       |       |     1 |     2 |       ||     3
         Tin of tremorston |       |       |       |       |     2 |     4 |     1 ||     7
    Use: Scroll            |       |       |     7 |     9 |     7 |    14 |     8 ||    45
         Potion            |       |       |     4 |     1 |     5 |     9 |    13 ||    32
   Stab: Sleeping          |       |     1 |       |       |       |       |       ||     1
         Paralysed         |       |       |    12 |    54 |    97 |    95 |    73 ||   331
         Confused          |       |       |       |     1 |     1 |     2 |     4 ||     8
 Armour: Robe              |     9 |    13 |    37 |       |       |       |       ||    59
         Chain mail        |       |       |    72 |   311 |   250 |       |       ||   633
         Scale mail        |       |       |       |       |   308 |   347 |   224 ||   879
  Dodge: Dodged            |    49 |    47 |   158 |   367 |   933 |   913 |   549 ||  3016
  Block: Orb               |       |       |       |       |    26 |   220 |   123 ||   369
         Reflection        |       |       |       |       |       |    24 |     4 ||    28

Table legend: (Time is in decaauts)
 A = Elapsed time spent in this place.
 B = Non-inter-level travel time spent in this place.
 C = Inter-level travel time spent in this place.
 D = Time resting spent in this place.
 E = Time spent auto-exploring this place.
 F = Levels seen in this place.
 G = Mean time per level.
                   A        B        C        D        E       F      G
               +--------+--------+--------+--------+--------+-----+--------+
         Total |  45055 |  42445 |   2610 |   5113 |  30936 |  35 | 1287.3 |
       Dungeon |  16668 |  15207 |   1461 |    728 |  12547 |  15 | 1111.2 |
        Temple |    325 |    294 |     31 |      0 |    291 |   1 |  325.0 |
          Lair |   8726 |   8185 |    541 |    531 |   6440 |   5 | 1745.2 |
     Snake Pit |   8304 |   8092 |    212 |   1347 |   5484 |   4 | 2076.0 |
  Orcish Mines |   2489 |   2334 |    155 |    701 |   1239 |   2 | 1244.5 |
   Elven Halls |   1905 |   1845 |     60 |    409 |   1141 |   1 | 1905.0 |
        Vaults |   4717 |   4569 |    148 |    822 |   3235 |   3 | 1572.3 |
         Abyss |    933 |    933 |      0 |    297 |     59 |   3 |  311.0 |
      Gauntlet |    984 |    984 |      0 |    277 |    499 |   1 |  984.0 |
               +--------+--------+--------+--------+--------+-----+--------+

Top non-repeatable levels by time:
Vaults:1: 2838 daAuts
 Snake:4: 2817 daAuts
  Lair:5: 2618 daAuts
  Lair:2: 2501 daAuts
 Snake:1: 2118 daAuts
 Snake:3: 2068 daAuts
   Elf:1: 1905 daAuts
    D:13: 1850 daAuts
Vaults:2: 1808 daAuts
    D:12: 1715 daAuts
     D:5: 1682 daAuts
   Orc:2: 1630 daAuts
     D:8: 1575 daAuts
 Snake:2: 1300 daAuts
  Lair:3: 1283 daAuts
